 Dungeon Crawl Stone Soup version 0.31-a0-521-gc7390f8997 (webtiles) character file.

Game seed: 6778861438747211632

15667 pokeman the Eclecticist (level 12, -13/68 HPs)
             Began as a Deep Elf Hedge Wizard on Aug 10, 2023.
             Was an Elder of Vehumet.
             Mangled by a large abomination (33 damage)
             ... in a Gauntlet on Aug 11, 2023.
             The game lasted 00:37:08 (13441 turns).

pokeman the Eclecticist (Deep Elf Hedge Wizard)    Turns: 13441, Time: 00:37:09

Health: -13/68     AC:  7    Str:  7    XL:     12   Next: 3%
Magic:  32/34      EV: 13    Int: 32    God:    Vehumet [****..]
Gold:   689        SH:  0    Dex: 14    Spells: 13/44 levels left

rFire   . . .        r - +4 whip (holy)
rCold   . . .        (no shield)
rNeg    . . .        p - +1 toga "Victory" {*Victory Int+1 Slay+1 Clar}
rPois   .            m - +2 helmet
rElec   .            (no cloak)
rCorr   .            x - +0 pair of gloves
SInv    .            (no boots)
Will    +....        (no amulet)
Stlth   ++           u - ring of wizardry
HPRegen 0.31/turn    O - +6 ring of intelligence
MPRegen 0.24/turn

%: no teleportation, clarity, wizardry (x1)
@: on blink cooldown
A: no striking features
a: Renounce Religion


You were in a Gauntlet.
You worshipped Vehumet.
Vehumet was greatly pleased with you.
You visited 2 branches of the dungeon, and saw 14 of its levels.
You also visited: Gauntlet.

You collected 700 gold pieces.
You spent 11 gold pieces at shops.

Inventory:

Hand Weapons
 h - a +0 short sword of venom
 l - a +2 scythe of venom
 r - a +4 whip of holy wrath (weapon)
 G - a +4 glaive of draining
Missiles
 A - a throwing net
Armour
 m - a +2 helmet (worn)
 p - the +1 toga "Victory" (worn) {*Victory Int+1 Slay+1 Clar}
   (You found it on level 3 of the Dungeon)

   *Victory:  When the wearer kills a threatening monster, it has a chance to
   gain +1 AC, +1 Slay, and +1 Int, capping at +7.
   When the wearer uses a scroll or a potion with a hostile monster in sight,
   its bonuses reset to +0.
   Unequipping it also resets its bonuses to +0.
   Int+1:     It affects your intelligence (+1).
   Slay+1:    It affects your accuracy & damage with ranged weapons and melee
   (+1).
   Clar:      It protects you from confusion, rage, mesmerisation and fear.
 x - a +0 pair of gloves (worn)
 z - a +0 scale mail of poison resistance
 D - +0 acid dragon scales
 E - a +2 leather armour of fire resistance
 I - a +2 leather armour of cold resistance
Jewellery
 u - a ring of wizardry (left hand)
 y - a ring of ice
 L - a ring of poison resistance
 N - the ring "Onna" {Fly rN+}
   (You found it in a Gauntlet)

   [ring of flight]

   rN+:       It protects you from negative energy.
   Fly:       It grants you flight.
 O - a +6 ring of intelligence (right hand)
Wands
 s - a wand of charming (19)
 K - a wand of polymorph (6)
Scrolls
 c - 2 scrolls of fear
 e - 6 scrolls of butterflies
 g - 3 scrolls of amnesia
 i - 2 scrolls of enchant weapon
 j - 5 scrolls of vulnerability
 k - 5 scrolls of blinking
 n - 7 scrolls of teleportation
 t - 2 scrolls of immolation
 C - a scroll of brand weapon
 H - a scroll of revelation
 J - a scroll of fog
 M - a scroll of torment
Potions
 a - a potion of mutation
 b - 2 potions of lignification
 d - 2 potions of magic
 f - 2 potions of heal wounds
 q - 7 potions of curing
 v - 3 potions of haste {unknown}
 w - 2 potions of might {unknown}
 B - 2 potions of resistance
 F - 3 potions of attraction {unknown}
Miscellaneous
 o - a box of beasts


   Skills:
 - Level 5.0 Fighting
 + Level 5.4 Armour
 - Level 3.0 Dodging
 - Level 3.0 Stealth
 * Level 16.9 Spellcasting
 + Level 10.1 Conjurations
 - Level 1.1 Summonings
 - Level 1.1 Translocations
 + Level 7.3 Ice Magic
 - Level 1.0 Air Magic
 - Level 1.0 Earth Magic
 - Level 1.0 Poison Magic
 - Level 1.0 Evocations


You had 13 spell levels left.
You knew the following spells:

 Your Spells              Type           Power      Damage    Failure   Level
a - Magic Dart            Conj           100%       1d8       0%          1
b - Mephitic Cloud        Conj/Pois/Air  52%        N/A       1%          3
c - Call Imp              Summ           68%        N/A       1%          2
d - Blink                 Tloc           68%        N/A       1%          2
e - Stone Arrow           Conj/Erth      100%       3d13      1%          3
f - Leda's Unmaking       Conj/Erth      29%        9d5       2%          6
g - Lee's Rapid Deconstr  Erth           16%        3d10*     3%          5
h - Polar Vortex          Ice            32%        12d4*     99%         9

Your spell library contained the following spells:

 Spells                   Type           Power      Damage    Failure   Level
 Airstrike                Air            16%        2d(3-19)  1%          4
 Necrotise                Necr           100%       1d9       1%          1
 Sandblast                Erth           66%        2d15      1%          1
 Slow                     Hex            100%       N/A       1%          1
 Cigotuvi's Dreadful Rot  Necr/Pois/Air  62%        N/A       1%          2
 Lesser Beckoning         Tloc           68%        N/A       1%          2
 Passwall                 Tmut/Erth      25%        N/A       1%          2
 Gell's Gravitas          Tloc           34%        N/A       1%          3
 Teleport Other           Tloc           34%        N/A       1%          3
 Vampiric Draining        Necr           27%        2d7       1%          3
 Conjure Ball Lightning   Conj/Air       29%        3x3d8     2%          6
 Leda's Liquefaction      Hex/Erth       15%        N/A       4%          4
 Anguish                  Hex/Necr       13%        N/A       6%          4
 Cause Fear               Hex            13%        N/A       6%          4
 Ozocubu's Refrigeration  Ice            32%        4d14      7%          7
 Summon Forest            Summ/Tloc      17%        N/A       11%         5
 Summon Mana Viper        Hex/Summ       30%        N/A       13%         5
 Agony                    Necr           27%        N/A       16%         5
 Simulacrum               Ice/Necr       25%        N/A       21%         6
 Summon Cactus Giant      Summ           17%        N/A       47%         6
 Enfeeble                 Hex            13%        N/A       99%         7
 Discord                  Hex            13%        N/A       100%        8
 Disjunction              Tloc           17%        N/A       100%        8


Dungeon Overview and Level Annotations

Branches:
Dungeon (13/15)            Temple (1/1) D:5            Lair (0/5) D:8
    Orc (0/2) D:11        Gauntlet (1/1)
 Vaults: D:13-14

Altars:
Ashenzari
Cheibriados
Dithmenos
Elyvilon
Fedhas
Gozag
Hepliaklqana
Kikubaaqudgha
Makhleb
Nemelex Xobeh
Okawaru
Qazlal
Ru
Sif Muna
Trog
Uskayaw
Vehumet
Wu Jian
Xom
Yredelemnul
Zin
The Shining One

Shops:
D:4 *

Annotations:
Gauntlet 9 transporters


Message History

The small abomination hits you!
Unknown command.
You hit the small abomination.
The small abomination convulses.
The small abomination is moderately damaged.
The small abomination barely misses you.
Casting: Leda's Unmaking (dangerous; 2% risk of failure)
Confirm with . or Enter, or press ? or * to list all spells.
A tiny devil pulls itself out of the air.
The small abomination hits you!!
Unknown command.
You hit the small abomination but do no damage.
The small abomination is moderately damaged.
The small abomination barely misses you.
The small abomination hits you!
Unknown command.
You swap places.
The small abomination closely misses your cerulean imp.
Your cerulean imp hits the small abomination but does no damage.
Unknown command.
Something barely misses your cerulean imp.
Something hits your cerulean imp!
Your cerulean imp barely misses the small abomination.
The small abomination barely misses your cerulean imp.
Your cerulean imp hits the small abomination but does no damage.
You see here a potion of magic.
d - 2 potions of magic (gained 1)
The small abomination barely misses you.
The small abomination hits your cerulean imp!
Your cerulean imp dies!
Your cerulean imp disappears in a puff of smoke!
The small abomination hits you!
* * * LOW HITPOINT WARNING * * *
The small abomination barely misses you.
Unknown command.
Casting: Call Imp (safe; 1% risk of failure)
Confirm with . or Enter, or press ? or * to list all spells.
You blink.
Unknown command.
The large abomination hits you!!
You die...

##...#.#####.#...##..##
#§§..#...©...#...#u#=#.
##...#########...##.#.©
#§.....#.©.#.....######
##.8...#.8.#...8....#.©
##......#.©.#........#..
#§...###########.....#.©
##...#..#......#...#####
#§...#.@.#.....#...#....
##...#xxX#....##...#.#..
#≈...#...©#.##.#...#...©
##.8.#..x###...#.8.#.###
#≈...#x##.#....#...#.###
##...##....#...#...#.###
#≈...#.x...#...#...#.=:©
##...#.x.=©.#."#...#####
#≈...###########........


You could see a large abomination and 4 small abominations.

Vanquished Creatures
  A reaper (Gauntlet)
  A hydra (D:11)
  A catoblepas (D:11)
  2 two-headed ogres
  A boulder beetle (D:11)
  Jeremiah (D:8)
  An ugly thing (D:12)
  A cyclops (D:11)
  A manticore (D:11)
  Joseph (D:7)
  Maggie (D:7)
  Psyche (D:9)
  2 kobold demonologists
  A komodo dragon (D:12)
  A troll (D:11)
  A hornet (D:10)
  A wraith (D:11)
  4 shadows
  2 wyverns
  14 yaks
  Eustachio (D:4)
  3 steam dragons
  2 fire bats (D:6)
  3 two-headed ogre zombies (D:11)
  An acid dragon (D:12)
  2 water moccasins (D:7)
  Duvessa (D:6)
  5 orc warriors
  An ice beast (D:8)
  A black bear (D:8)
  An ogre (D:5)
  6 centaurs
  2 phantoms
  A kobold brigand (D:8)
  3 bullfrogs
  2 scorpions
  Dowan (D:6)
  10 killer bees (D:10)
  A troll zombie (D:11)
  3 howler monkeys
  A vampire bat (D:4)
  4 hounds
  8 jellies
  2 gnoll boudas
  An orc priest (D:12)
  Jessica (D:2)
  Natasha (D:3)
  2 iguanas
  15 orc wizards
  Terence (D:3)
  4 ogre zombies (D:11)
  Robin (D:2)
  8 gnolls
  8 adders
  A shadow imp (Gauntlet)
  A white imp (D:5)
  2 dart slugs (D:2)
  43 orcs
  8 ball pythons
  9 endoplasms
  4 giant cockroaches
  10 goblins
  4 hobgoblins
  4 jackals (D:3)
  7 kobolds
  3 quokkas
  10 bats
  2 frilled lizards
  2 goblin skeletons (D:11)
  A goblin zombie (D:11)
  2 hobgoblin skeletons (D:11)
  A hobgoblin zombie (D:11)
  4 orc skeletons (D:11)
  14 orc zombies (D:11)
  2 rats (D:1)
280 creatures vanquished.

Vanquished Creatures (collateral kills)
  A killer bee (D:10)
  An orc skeleton (D:11)
2 creatures vanquished.

Grand Total: 282 creatures vanquished

Notes
Turn   | Place    | Note
-------+----------+-------------------------------------------
     0 | D:1      | pokeman the Deep Elf Hedge Wizard began the quest for the
                  | Orb.
     0 | D:1      | Reached XP level 1. HP: 10/10 MP: 7/7
   389 | D:1      | Reached XP level 2. HP: 16/16 MP: 5/9
   938 | D:2      | Noticed Jessica
   941 | D:2      | Killed Jessica
   942 | D:2      | Reached skill level 5 in Spellcasting
   942 | D:2      | Reached XP level 3. HP: 20/20 MP: 6/11
   946 | D:2      | Learned a level 3 spell: Mephitic Cloud
   949 | D:2      | Learned a level 2 spell: Call Imp
   952 | D:2      | Learned a level 2 spell: Blink
  1055 | D:2      | Reached skill level 1 in Fighting
  1055 | D:2      | Reached skill level 1 in Armour
  1410 | D:2      | Noticed Robin
  1422 | D:2      | Killed Robin
  1423 | D:2      | Reached XP level 4. HP: 23/25 MP: 2/13
  2114 | D:3      | Noticed Terence
  2127 | D:3      | Killed Terence
  2128 | D:3      | Reached skill level 6 in Spellcasting
  2128 | D:3      | Reached XP level 5. HP: 7/29 MP: 11/15
  2292 | D:3      | Found a hide-covered altar of Uskayaw.
  2309 | D:3      | Found the +0 toga "Victory" {*Victory Clar}
  2352 | D:3      | Found a burning altar of Makhleb.
  2591 | D:3      | Noticed Natasha
  2601 | D:3      | Killed Natasha
  2780 | D:3      | Identified the +1 ring mail "Ahiafol" {rPois rF++ MP-9
                  | Dex-4}
  2783 | D:3      | Found a faded altar of an unknown god.
  3030 | D:4      | Reached skill level 1 in Poison Magic
  3030 | D:4      | Reached skill level 1 in Evocations
  3062 | D:4      | Found an iron altar of Okawaru.
  3166 | D:4      | Identified the +9 short sword of the Ancient Nightmares
                  | {antimagic, rF+ Int-5 Dex+4}
  3282 | D:4      | Reached skill level 1 in Air Magic
  3285 | D:4      | Reached XP level 6. HP: 32/34 MP: 7/17
  3380 | D:4      | Found Catoq's General Store.
  3385 | D:4      | Bought a potion of degeneration for 11 gold pieces
  3678 | D:4      | You fall into a shaft and drop 1 floor!
  3678 | D:5      | Entered Level 5 of the Dungeon
  3694 | D:5      | Reached skill level 7 in Spellcasting
  3821 | D:5      | Found a staircase to the Ecumenical Temple.
  3826 | D:5      | Reached XP level 7. HP: 40/40 MP: 13/20
  3850 | D:5      | Reached skill level 8 in Spellcasting
  3863 | Temple   | Entered the Ecumenical Temple
  3887 | Temple   | Became a worshipper of Vehumet
  4296 | D:4      | Found a blossoming altar of Fedhas.
  4675 | D:4      | Noticed Eustachio
  4687 | D:4      | Killed Eustachio
  4934 | D:5      | Reached skill level 9 in Spellcasting
  5105 | D:5      | Found a stormy altar of Qazlal.
  5233 | D:5      | Reached XP level 8. HP: 29/44 MP: 18/23
  5394 | D:6      | Noticed Duvessa
  5404 | D:6      | Killed Duvessa
  5405 | D:6      | Reached skill level 5 in Conjurations
  5407 | D:6      | Noticed Dowan
  5417 | D:6      | Killed Dowan
  5476 | D:6      | Found a transporter.
  5499 | D:6      | Found a sparkling altar of Nemelex Xobeh.
  5595 | D:6      | Reached * piety under Vehumet
  5595 | D:6      | Offered knowledge of Sandblast by Vehumet.
  5596 | D:6      | Reached skill level 10 in Spellcasting
  5810 | D:6      | Found a transporter.
  6129 | D:6      | Found a white marble altar of Elyvilon.
  6417 | D:6      | Upgraded the game from 0.31-a0-507-gbafd7f5274 to
                  | 0.31-a0-521-gc7390f8997
  6577 | D:7      | Found a bloodstained altar of Trog.
  6690 | D:7      | Reached skill level 11 in Spellcasting
  7045 | D:7      | Noticed Joseph
  7048 | D:7      | Noticed Maggie
  7060 | D:7      | Killed Joseph
  7061 | D:7      | Reached XP level 9. HP: 36/48 MP: 15/26
  7069 | D:7      | Killed Maggie
  7150 | D:7      | Found a sacrificial altar of Ru.
  7188 | D:7      | Reached skill level 12 in Spellcasting
  7198 | D:7      | Learned a level 9 spell: Polar Vortex
  7339 | D:7      | Reached skill level 1 in Ice Magic
  7692 | D:8      | Noticed Jeremiah
  8201 | D:8      | Found a shimmering altar of Xom.
  8259 | D:8      | Found a staircase to the Lair.
  8266 | D:8      | Reached skill level 13 in Spellcasting
  8520 | D:8      | Killed Jeremiah
  8521 | D:8      | Reached XP level 10. HP: 40/56 MP: 25/29
  8969 | D:9      | Noticed Psyche
  8978 | D:9      | Killed Psyche
  8978 | D:9      | Reached ** piety under Vehumet
  9023 | D:9      | Noticed a two-headed ogre
  9035 | D:9      | Offered knowledge of Scorch by Vehumet.
  9038 | D:9      | Noticed a two-headed ogre
  9042 | D:9      | Killed a two-headed ogre
  9296 | D:8      | Killed a two-headed ogre
  9297 | D:8      | Reached skill level 14 in Spellcasting
  9680 | D:9      | Reached skill level 5 in Ice Magic
  9733 | D:9      | Found an ornate altar of the Wu Jian Council.
  9738 | D:9      | Found a glowing golden altar of the Shining One.
  9842 | D:10     | Entered Level 10 of the Dungeon
 10037 | D:10     | Reached skill level 15 in Spellcasting
 10095 | D:10     | Reached XP level 11. HP: 23/62 MP: 24/32
 10256 | D:10     | Learned a level 3 spell: Stone Arrow
 10460 | D:10     | Found a shimmering blue altar of Sif Muna.
 10460 | D:10     | Found a shadowy altar of Dithmenos.
 10464 | D:10     | Found a snail-covered altar of Cheibriados.
 10838 | D:11     | Noticed a boulder beetle
 10854 | D:11     | Killed a boulder beetle
 10854 | D:11     | Offered knowledge of Hailstorm by Vehumet.
 10855 | D:11     | Reached skill level 1 in Earth Magic
 10860 | D:11     | Reached skill level 5 in Fighting
 10928 | D:11     | Noticed a seven-headed hydra
 10964 | D:11     | Killed a seven-headed hydra
 11218 | D:11     | Noticed a catoblepas
 11227 | D:11     | Reached *** piety under Vehumet
 11231 | D:11     | Killed a catoblepas
 11232 | D:11     | Reached skill level 16 in Spellcasting
 11268 | D:11     | Offered knowledge of Olgreb's Toxic Radiance by Vehumet.
 11551 | D:11     | Found a staircase to the Orcish Mines.
 11716 | D:11     | Reached **** piety under Vehumet
 11724 | D:11     | Reached skill level 5 in Armour
 11730 | D:11     | Offered knowledge of Airstrike by Vehumet.
 11949 | D:11     | Learned a level 5 spell: Lee's Rapid Deconstruction
 12463 | D:12     | Noticed a green ugly thing
 12467 | D:12     | Killed a green ugly thing
 12468 | D:12     | Reached skill level 10 in Conjurations
 13084 | D:13     | Noticed a deep elf pyromancer
 13084 | D:13     | Noticed a deep elf archer
 13084 | D:13     | Noticed a deep elf zephyrmancer
 13084 | D:13     | Noticed a deep elf pyromancer
 13112 | D:13     | Found a gate leading to a gauntlet.
 13117 | Gauntlet | Entered a Gauntlet
 13117 | Gauntlet | Found a transporter.
 13129 | Gauntlet | Found a transporter.
 13133 | Gauntlet | Found a transporter.
 13133 | Gauntlet | Found a transporter.
 13133 | Gauntlet | Noticed a reaper
 13133 | Gauntlet | Noticed a great orb of eyes
 13134 | Gauntlet | Noticed a cyan ugly thing
 13136 | Gauntlet | Found a transporter.
 13137 | Gauntlet | Found a transporter.
 13146 | Gauntlet | Noticed a green death
 13146 | Gauntlet | Noticed a large abomination
 13149 | Gauntlet | Found the amulet of the Air {Inacc Air Fly rElec RMsl}
 13153 | Gauntlet | Found a transporter.
 13173 | Gauntlet | Found a transporter.
 13189 | Gauntlet | Found a transporter.
 13193 | Gauntlet | Found a transporter.
 13197 | Gauntlet | Noticed a green death
 13203 | Gauntlet | Found a transporter.
 13252 | Gauntlet | Found a transporter.
 13308 | Gauntlet | Learned a level 6 spell: Leda's Unmaking
 13320 | Gauntlet | Killed a reaper
 13321 | Gauntlet | Reached XP level 12. HP: 28/68 MP: 14/34
 13407 | Gauntlet | Identified the ring "Onna" {Fly rN+}
 13441 | Gauntlet | Mangled by a large abomination

Illustrated notes

Levels and vault maps discovered:
D:1:      dpeg_arrival_water_fire, layout_basic
D:2:      wander_river, layout_loops_ring, uniq_robin, uniq_jessica
D:3:      kennysheep_big_flooded_room, layout_loops_cross, lemuel_doored_altar,
          bloody_makhleb, ebering_ecumenical_altar_ruins, uniq_natasha,
          uniq_terence
D:4:      layout_gridville, mainiacjoe_overflow_boulevard,
          mainiacjoe_overflow_surrounded_room, serial_shops, shop,
          roderic_batcave, uniq_eustachio
D:5:      layout_loops_corners, mainiacjoe_overflow_six_doors_small,
          minmay_temple_entry_arrows
D:6:      gammafunk_cloud_chamber, layout_basic, overflow_temple_1_default,
          kennysheep_mini_moat, minmay_misc_feat_more_columns, uniq_duvessa
D:7:      layout_basic, nicolae_overflow_crystal_walls, lemuel_crystal_altar,
          uniq_maggie, uniq_joseph
D:8:      layout_basic, xom_teletrap_fun, grunt_lair_entry_orc_guard_hut,
          minmay_misc_feat_ornament, st_stairs_4, uniq_jeremiah
D:9:      layout_cross, minitemple, uniq_psyche
D:10:     layout_cave_pods, nicolae_overflow_hidden_temple, kennysheep_nub
D:11:     layout_basic, zombieorc2_lemuel, minmay_misc_feat_hallway,
          st_stairs_10
D:12:     layout_loops_ring
D:13:     layout_gridville, hangedman_vaults_entry_quadrant_bands,
          gauntlet_entry_generic, hangedman_decor_clover_reticule
Temple:   nicolae_temple_bog_church
Gauntlet: minmay_gauntlet_mixed_oops_all_seconds
          [minmay_gauntlet_arena_77_two_paths, gammafunk_gauntlet_arena_mazey,
          minmay_gauntlet_arena_77_broken_ladder, nicolae_gauntlet_swirl,
          minmay_gauntlet_arena_77_block_sizes,
          gammafunk_gauntlet_arena_arrow_garden, gauntlet_exit_hidden_loot]

Skill      XL: |  1  2  3  4  5  6  7  8  9 10 11 |
---------------+----------------------------------+-----
Spellcasting   | 5 6 7 9 11 13 15 16 | 16.9
Fighting       | 1 2 3 4 5 |  5.0
Armour         | 1 2 3 4 5 |  5.4
Conjurations   | 2 3 4 6 7 8 10 | 10.1
Dodging        | 3 |  3.0
Stealth        | 3 |  3.0
Poison Magic   | 1 |  1.0
Evocations     | 1 |  1.0
Air Magic      | 1 |  1.0
Ice Magic      | 3 5 7 |  7.3
Earth Magic    | 1 |  1.0
Summonings     | |  1.1
Translocations | |  1.1

Action                     |  1- 3 |  4- 6 |  7- 9 | 10-12 || total
---------------------------+-------+-------+-------+-------++-------
  Melee: Short sword       |     7 |    34 |   176 |       ||   217
         Punch             |       |       |     2 |       ||     2
         Glaive            |       |       |       |   173 ||   173
         Whip              |       |       |       |     3 ||     3
   Cast: Magic Dart        |    59 |   130 |   134 |    64 ||   387
         Mephitic Cloud    |       |     4 |    39 |    38 ||    81
         Call Imp          |       |       |     4 |     4 ||     8
         Blink             |       |       |     2 |     5 ||     7
         Stone Arrow       |       |       |       |    58 ||    58
         Leda's Unmaking   |       |       |       |     4 ||     4
    Use: Scroll            |       |       |       |    18 ||    18
   Stab: Sleeping          |     2 |       |       |       ||     2
         Confused          |       |       |    21 |    18 ||    39
 Armour: Robe              |     2 |    22 |    72 |    54 ||   150
  Dodge: Dodged            |     5 |    49 |   109 |   105 ||   268

Table legend: (Time is in decaauts)
 A = Elapsed time spent in this place.
 B = Non-inter-level travel time spent in this place.
 C = Inter-level travel time spent in this place.
 D = Time resting spent in this place.
 E = Time spent auto-exploring this place.
 F = Levels seen in this place.
 G = Mean time per level.
                   A        B        C        D        E       F      G
               +--------+--------+--------+--------+--------+-----+--------+
         Total |  13584 |  13063 |    521 |    645 |  10177 |  15 |  905.6 |
       Dungeon |  13213 |  12738 |    475 |    567 |  10170 |  13 | 1016.4 |
        Temple |     48 |      2 |     46 |      0 |      0 |   1 |   48.0 |
      Gauntlet |    322 |    322 |      0 |     78 |      7 |   1 |  322.0 |
               +--------+--------+--------+--------+--------+-----+--------+

Top non-repeatable levels by time:
    D:11: 1478 daAuts
     D:7: 1452 daAuts
     D:8: 1435 daAuts
     D:4: 1218 daAuts
     D:5: 1134 daAuts
     D:3: 1129 daAuts
     D:6: 1093 daAuts
    D:10: 1015 daAuts
     D:2: 941 daAuts
     D:1: 921 daAuts
    D:12: 835 daAuts
     D:9: 532 daAuts
Gauntlet: 322 daAuts
  Temple: 48 daAuts
    D:13: 24 daAuts
